 Dungeon Crawl Stone Soup version 0.29.1-14-g9c671dbff4 (webtiles) character file.

Game seed: 4219818801325327871

25 javelincjr the Chopper (level 2, 0/22 HPs)
             Began as a Demonspawn Gladiator on Feb 13, 2023.
             Slain by a kobold
             ... wielding a +0 dagger
              (2 damage)
             ... on level 1 of the Dungeon.
             The game lasted 00:01:09 (731 turns).

javelincjr the Chopper (Demonspawn Gladiator)        Turns: 731, Time: 00:01:09

Health: 0/22       AC:  4    Str: 14    XL:     2   Next: 86%
Magic:  2/2        EV: 12    Int:  9    God:
Gold:   91         SH:  0    Dex: 14    Spells: 1/1 levels left

rFire   . . .      SeeInvis .   a - +0 war axe
rCold   . . .      Faith    .   (no shield)
rNeg    . . .      Spirit   .   b - +0 leather armour
rPois   .          Reflect  .   c - +0 helmet
rElec   .          Harm     .   (no cloak)
rCorr   .          Rampage  .   (no gloves)
Will    .....                   (no boots)
Stlth   +.........              (no amulet)
HPRegen 0.07/turn               (no ring)
MPRegen 0.08/turn               (no ring)

@: lethally poisoned (0 -> -29), very slow
A: powered by pain 1
a: no special abilities


You were on level 1 of the Dungeon.
You visited 1 branch of the dungeon, and saw 1 of its levels.

You collected 91 gold pieces.

Inventory:

Hand Weapons
 a - a +0 war axe (weapon)
Missiles
 d - 2 throwing nets (quivered)
 e - a javelin
Armour
 b - a +0 leather armour (worn)
 c - a +0 helmet (worn)
Scrolls
 i - a scroll of identify {unknown}
 j - a scroll of teleportation {unknown}
Potions
 f - 2 potions of ambrosia {unknown}
 g - a potion of heal wounds {unknown}
 h - a potion of attraction {unknown}


   Skills:
 + Level 2.3 Fighting
 + Level 3.2 Axes
 + Level 1.8 Throwing
 + Level 0.1 Armour
 + Level 3.0 Dodging


You had one spell level left.
You didn't know any spells.
Your spell library was empty.

Dungeon Overview and Level Annotations

Branches:
Dungeon (1/15)

Altars:


Innate Abilities, Weirdness & Mutations

You sometimes gain a little power by taking damage.


Message History

You slash the kobold!
You kill the kobold!
No target in view!
A kobold comes into view. It is wielding a +0 dagger.
You enter the shallow water.
Moving in this stuff is going to be slow.
A goblin comes into view. It is wielding a +1 dagger of venom.
The kobold shouts!
The goblin shouts!
A frilled lizard comes into view.
The frilled lizard hisses angrily.
The kobold closely misses you.
Your unstable footing causes you to fumble your attack.
The kobold hits you with a +0 dagger.
The goblin hits you with a +1 dagger of venom.
You are poisoned.
The kobold closely misses you.
Your unstable footing causes you to fumble your attack.
You feel very sick.
The goblin hits you with a +1 dagger of venom.
You are lethally poisoned!
The kobold misses you. The frilled lizard closely misses you.
You hit the goblin.
The goblin is heavily wounded.
You hit the frilled lizard. You barely miss the kobold.
You feel very sick. The goblin hits you but does no damage.
You are more poisoned.
The kobold hits you but does no damage. The frilled lizard closely misses you.
The goblin barely misses you.
You closely miss the kobold. You barely miss the frilled lizard.
You barely miss the goblin.
* * * LOW HITPOINT WARNING * * *
You feel very sick.
The frilled lizard bites you but does no damage.
The kobold hits you but does no damage.
The goblin hits you with a +1 dagger of venom.
* * * LOW HITPOINT WARNING * * *
You are more poisoned.
The kobold hits you with a +0 dagger.
You die...

##...~~..........~~~~.....##.....
...~~~~~~.....~~~~~~~~~~~.....>..
.~~~≈≈≈~~..).~~~≈≈≈≈≈~~~~~~~.....
~~~≈#####....~~≈≈≈≈≈~≈≈≈≈~≈~~~...
~≈≈##...##....~~~≈≈≈≈≈≈≈≈≈≈≈~~~..
≈≈≈#.....#....~~≈≈≈≈≈≈≈≈≈≈≈≈≈≈~~.
≈≈≈#.><..'....~~≈≈≈≈≈≈≈≈≈≈≈≈≈≈~..
~≈≈#.....#.....~~~~≈≈≈≈≈≈≈≈≈≈≈≈~~
~≈≈##...##......@~~~~~≈#####≈≈≈~~
≈≈≈≈#####~.....lgK.~~~## ##≈≈~~
~≈≈≈≈≈ ≈~~~~..........# #≈≈~~
~~≈≈≈≈≈≈~≈≈~~~........+ #≈≈≈~
~~≈≈≈≈≈≈≈≈≈≈~~....~~~.# #≈≈≈~
~≈~≈≈≈≈≈≈≈≈≈~~...~~~~~# ##≈≈~~
~~≈≈≈≈≈ ≈≈≈≈~....~~≈≈~~# #≈≈≈~~
.~~≈≈≈≈ ≈≈~~...~~≈≈~~~≈ ≈≈≈≈≈~~~
..~~≈≈≈≈≈ ≈≈≈≈≈≈~~


You could see a goblin, a kobold and a frilled lizard.

Vanquished Creatures
  A dart slug (D:1)
  4 endoplasms (D:1)
  A goblin (D:1)
  A hobgoblin (D:1)
  5 jackals (D:1)
  2 quokkas (D:1)
  A ball python (D:1)
  A frilled lizard (D:1)
  2 kobolds (D:1)
  3 rats (D:1)
21 creatures vanquished.

Notes
Turn   | Place    | Note
-------+----------+-------------------------------------------
     0 | D:1      | javelincjr the Demonspawn Gladiator began the quest for the
                  | Orb.
     0 | D:1      | Reached XP level 1. HP: 16/16 MP: 1/1
    20 | D:1      | Gained mutation: You sometimes gain a little power by
                  | taking damage. [demonic ancestry]
    20 | D:1      | Reached XP level 2. HP: 7/22 MP: 2/2
   731 | D:1      | Slain by a kobold

Illustrated notes

Levels and vault maps discovered:
D:1:      minmay_arrival_shoal_huts, layout_rooms, minmay_misc_feat_alley

Skill      XL: |  1  2 |
---------------+-------+-----
Axes           | 3 |  3.2
Dodging        | 3 |  3.0
Fighting       | |  2.3
Throwing       | |  1.8
Armour         | |  0.1

Action                   || total
-------------------------++-------
Melee: War axe           ||    41
Throw: Throwing net      ||     1
Armor: Leather armour    ||    18
Dodge: Dodged            ||    25
